 Dungeon Crawl Stone Soup version 0.29.1-15-g9cfb28693d (webtiles) character file.

Game seed: 552451913413690988

51 protoss039 the Digger (level 3, 12/27 HPs)
             Began as a Demonspawn Earth Elementalist on Mar 13, 2023.
             Got out of the dungeon alive.
             The game lasted 00:01:27 (1499 turns).

protoss039 the Digger (DsEE)                        Turns: 1499, Time: 00:01:27

Health: 12/27      AC:  5    Str:  8    XL:     3   Next: 57%
Magic:  5/6        EV: 10    Int: 18    God:
Gold:   45         SH:  0    Dex: 13    Spells: 4/7 levels left

rFire   x . .      SeeInvis .   f - +0 dagger
rCold   + . .      Faith    .   (no shield)
rNeg    . . .      Spirit   .   k - +0 ring mail
rPois   .          Reflect  .   (no helmet)
rElec   .          Harm     .   (no cloak)
rCorr   .          Rampage  .   (no gloves)
Will    .....                   (no boots)
Stlth   +.........              (no amulet)
HPRegen 0.09/turn               e - ring of ice
MPRegen 0.10/turn               (no ring)

@: no status effects
A: hooves 1, demonic touch 1
a: no special abilities


You escaped.
You visited 1 branch of the dungeon, and saw 2 of its levels.

You collected 92 gold pieces.
You spent 47 gold pieces at shops.

Inventory:

Hand Weapons
 f - a +0 dagger (weapon)
Missiles
 i - 5 silver javelins
Armour
 k - a +0 ring mail (worn)
Jewellery
 e - a ring of ice (left hand)
Scrolls
 c - 2 scrolls of identify {unknown}
 d - a scroll of magic mapping {unknown}
 g - a scroll of acquirement {unknown}
 j - a scroll of summoning {unknown}
 l - a scroll of enchant weapon {unknown}
 m - a scroll of teleportation {unknown}
Potions
 a - 3 potions of curing {unknown}
 b - 3 potions of magic
 h - a potion of resistance {unknown}


   Skills:
 + Level 1.7 Fighting
 - Level 1.7 Dodging
 - Level 1.7 Stealth
 + Level 2.6 Spellcasting
 - Level 0.8 Transmutations
 + Level 3.2 Earth Magic


You had 4 spell levels left.
You knew the following spells:

 Your Spells              Type           Power      Damage    Failure   Level
a - Sandblast             Erth           28%        2d8       14%         1
b - Passwall              Tmut/Erth      7%         N/A       34%         2

Your spell library contained the following spells:

 Spells                   Type           Power      Damage    Failure   Level
 Stone Arrow              Conj/Erth      16%        3d8       63%         3
 Petrify                  Tmut/Erth      9%         N/A       92%         4


Dungeon Overview and Level Annotations

Branches:
Dungeon (2/15) Zot: 10487

Altars:

Shops:
D:2 *


Innate Abilities, Weirdness & Mutations

You have large cloven feet.
Your touch may inflict minor irresistible damage on your foes.


Message History

Confirm with . or Enter, or press ? or * to list all spells.
Aiming: Sandblast (safe; 17% risk of failure)
Press: ? - help, Shift-Dir - straight line, f/p - Natasha
Aim: Natasha (heavily wounded, 77% to hit)
You miscast Sandblast.
Nothing appears to happen.
Natasha stares at you and mumbles some strange words.
You resist with significant effort.
Unknown command.
Casting: Sandblast (safe; 17% risk of failure)
Confirm with . or Enter, or press ? or * to list all spells.
Aiming: Sandblast (safe; 17% risk of failure)
Press: ? - help, Shift-Dir - straight line, f/p - Natasha
Aim: Natasha (heavily wounded, 77% to hit)
The blast of sand hits Natasha.
Natasha is almost dead.
Natasha claws you!
* * * LOW HITPOINT WARNING * * *
The crimson imp puffs mist at you.
Casting: Sandblast (safe; 17% risk of failure)
Confirm with . or Enter, or press ? or * to list all spells.
Aiming: Sandblast (safe; 17% risk of failure)
Press: ? - help, Shift-Dir - straight line, f/p - Natasha
Aim: Natasha (almost dead, 77% to hit)
The blast of sand hits Natasha!
You kill Natasha!
Natasha growls in agony!
The crimson imp disappears in a puff of smoke!
You have reached level 3!
Your experience leads to an increase in your attributes!
Increase (S)trength, (I)ntelligence, or (D)exterity?
You feel clever. x2; Your demonic ancestry asserts itself...
Your feet thicken and deform.
Unknown command.
Your magical contamination has completely faded away.
There is a stone staircase leading up here.
You climb upwards.
There is a stone staircase leading down here.
There is a staircase leading out of the dungeon here.
Are you sure you want to leave the Dungeon?
This will make you lose the game!
You have escaped!

#....#.#...P.P...#.....#.##..
#....#.#..P#~#P..#.....#.##.# ###
#....#.#..##~##..#######.##.[ ..#
#....#.##.~~~~~..#........#.# #.#
#....#.##(##~##..#......†.###
#.###....#.##.P#~#P..#...........
.........#.##..P.P...#.........##
.........#.##........#.........##
.........#.##...@....#######.#.##
.........#.##........# #.#.##
.........#.##..P.P...# #.#.##
.........#.##.P#~#P..# #.#.##
##..........#.##~##..#######.#.##
.'.......##...~~~~~..........#.##
##.......####.##~##.######.......
#........# #.P#~#P.# #.....##
#........###..P.P..# #)....#


There were no monsters in sight!

Vanquished Creatures
  Natasha (D:2)
  3 dart slugs
  An endoplasm (D:1)
  A goblin (D:1)
  3 hobgoblins
  A quokka (D:1)
  6 ball pythons
  3 bats
  3 rats (D:1)
22 creatures vanquished.

Notes
Turn   | Place    | Note
-------+----------+-------------------------------------------
     0 | D:1      | protoss039 the Demonspawn Earth Elementalist began the
                  | quest for the Orb.
     0 | D:1      | Reached XP level 1. HP: 13/13 MP: 3/3
   307 | D:1      | Discovered your monstrous ancestry.
   307 | D:1      | Gained mutation: Your touch may inflict minor irresistible
                  | damage on your foes. [demonic ancestry]
   307 | D:1      | Reached XP level 2. HP: 20/20 MP: 5/5
   426 | D:1      | Reached skill level 1 in Fighting
   585 | D:1      | Reached skill level 3 in Earth Magic
   670 | D:1      | Found a faded altar of an unknown god.
  1067 | D:1      | Learned a level 2 spell: Passwall
  1171 | D:2      | Found Qubuto Beudd's Assorted Antiques.
  1178 | D:2      | Bought a scroll labelled ZIOHIF NAZUTO for 25 gold pieces
  1178 | D:2      | Bought a puce potion for 22 gold pieces
  1444 | D:2      | Noticed Natasha
  1445 | D:2      | Noticed a crimson imp
  1452 | D:2      | Killed Natasha
  1453 | D:2      | Gained mutation: You have large cloven feet. [demonic
                  | ancestry]
  1453 | D:2      | Reached XP level 3. HP: 8/27 MP: 0/6
  1499 | D:$      | Got out of the dungeon alive.

Illustrated notes

Levels and vault maps discovered:
D:1:      eino_arrival_water_cross, layout_basic,
          shapermc_ecumenical_altar_flowoftime
D:2:      layout_basic, serial_shops, shop, basic_altar, chequers_jeans,
          uniq_natasha

Skill      XL: |  1  2 |
---------------+-------+-----
Fighting       | 1 |  1.7
Earth Magic    | 3 |  3.2
Dodging        | |  1.7
Stealth        | |  1.7
Spellcasting   | |  2.6
Transmutations | |  0.8

Action                   || total
-------------------------++-------
Melee: Dagger            ||    11
       Touch             ||     2
 Cast: Sandblast         ||    28
 Stab: Sleeping          ||     1
Armor: Robe              ||     1
       Ring mail         ||     2
Dodge: Dodged            ||    15
